Map: Romanticide LE

Players

Clem - Winner!

  • Race: Terran Terran

MaxPax

  • Race: Protoss Protoss

Event: DreamHack SC2 Masters 2021 Fall

VOD

Have the link to the VOD?

Description

Time

  • Played on: Aug. 14, 2021, 1:04 p.m.
  • Length: 8:48

All games in this series

Show
View Real Time Build Order
Export as new Build Order

Clem Terran - Winner!

Build Orders:  

Get SALT Encoding   

  12  0:00  SCV  
  13  0:12  SCV  
  14  0:17  Supply Depot  
  14  0:24  SCV  
  15  0:38  SCV  
  15  0:40  Barracks  
  16  0:43  Refinery  
  16  0:50  SCV  
  17  1:02  SCV  
  18  1:14  SCV  
  19  1:27  Marine, Orbital Command  
  20  1:45  Command Center  
  20  1:54  Factory  
  20  1:59  SCV  
  21  2:02  Barracks Reactor  
  21  2:10  Supply Depot  
  21  2:12  SCV  
  22  2:19  Bunker  
  22  2:24  SCV  
  22  2:29  Refinery  
  23  2:36  SCV  
  24  2:41  Starport  
  24  2:46  Hellion  
  24  2:49  Hellion  
  28  2:57  Orbital Command  
  28  3:01  SCV  
  28  3:04  Barracks Tech Lab  
  29  3:09  Hellion  
  31  3:15  Hellion  
  33  3:20  Medivac  
  33  3:22  SCV  
  33  3:24  SCV  
  37  3:33  Supply Depot  
  37  3:34  SCV  
  37  3:36  SCV  
  37  3:40  Marine x2  
  41  3:45  Cyclone  
  41  3:47  SCV  
  45  3:49  SCV  
  46  3:57  Marine  
  46  3:58  Marine  
  46  3:59  SCV  
  46  4:01  SCV  
  50  4:07  Barracks, Engineering Bay  
  50  4:14  SCV  
  50  4:15  Marine x2  
  50  4:16  SCV  
  53  4:24  Cyclone  
  53  4:29  Supply Depot  
  53  4:30  SCV  
  54  4:44  Marine  
  54  4:45  SCV  
  54  4:47  SCV  
  54  4:51  Marine  
  55  4:56  Barracks Tech Lab  
  55  4:58  SCV  
  55  4:59  SCV, Supply Depot  
  57  5:02  Marine  
  57  5:05  Terran Infantry Weapons Level 1  
  58  5:08  Barracks  
  58  5:09  Marine  
  58  5:10  SCV  
  58  5:11  SCV  
  58  5:14  Missile Turret  
  61  5:17  Marine  
  61  5:21  Siege Tank  
  65  5:22  Marine  
  65  5:24  SCV  
  65  5:25  SCV  
  68  5:28  Marine  
  68  5:29  Supply Depot  
  68  5:35  Marine  
  66  5:37  SCV  
  66  5:41  Refinery, SCV, Starport Reactor  
  66  5:42  Stimpack  
  68  5:49  SCV  
  69  5:50  Marine  
  69  5:51  Marine  
  69  5:53  Marauder  
  69  5:55  SCV  
  74  5:57  Barracks Tech Lab  
  74  6:02  Refinery, SCV  
  74  6:05  Supply Depot  
  74  6:10  Marine  
  74  6:11  Marine  
  75  6:14  Siege Tank  
  78  6:18  Marauder  
  78  6:21  Marauder  
  78  6:26  SCV x2  
  78  6:27  Supply Depot  
  78  6:28  Marine x2  
  78  6:29  Supply Depot  
  78  6:30  Medivac  
  84  6:33  Medivac  
  84  6:35  Combat Shield  
  86  6:43  SCV  
  86  6:48  Marine x2  
  86  6:49  SCV, Marauder, Supply Depot  
  86  6:50  Marauder  
  93  6:55  SCV  
  93  7:06  Missile Turret  
  91  7:08  Siege Tank  
  91  7:10  SCV, Marauder  
  91  7:13  SCV  
  91  7:15  Marauder  
  100  7:21  Supply Depot  
  100  7:22  Marine x2  
  102  7:36  SCV  
  101  7:37  Command Center  
  101  7:42  Marine x2  
  101  7:44  Marauder x2  
  105  7:51  Siege Tank  
  105  7:55  Supply Depot  
  105  7:57  Medivac  
  110  8:01  Marine x2  
  110  8:03  Medivac  
  114  8:06  Marauder  
  114  8:08  Marine  
  114  8:19  Marine x2  
  114  8:24  SCV x2, Barracks  
  114  8:25  Barracks  
  114  8:26  Marauder  
Show
View Real Time Build Order
Export as new Build Order

MaxPax Protoss 

Build Orders: 1 Gate Expand, Dark Templar Rush 

Get SALT Encoding   

  12  0:00  Probe  
  13  0:12  Probe  
  14  0:17  Pylon  
  14  0:24  Probe (Chrono Boost)  
  15  0:36  Probe (Chrono Boost)  
  15  0:37  Gateway  
  16  0:45  Probe (Chrono Boost)  
  16  0:47  Assimilator  
  17  0:51  Probe  
  18  1:03  Probe  
  19  1:15  Probe  
  20  1:25  Cybernetics Core  
  20  1:34  Nexus  
  20  1:37  Probe  
  21  1:45  Pylon  
  21  1:50  Probe  
  22  1:55  Assimilator  
  22  2:01  Adept (Chrono Boost)  
  22  2:02  Probe  
  22  2:06  Warp Gate  
  25  2:14  Probe (Chrono Boost)  
  26  2:26  Probe (Chrono Boost)  
  26  2:27  Twilight Council  
  26  2:29  Adept  
  29  2:33  Probe (Chrono Boost)  
  30  2:42  Probe (Chrono Boost)  
  31  2:48  Robotics Facility, Probe (Chrono Boost)  
  34  2:58  Probe (Chrono Boost)  
  34  2:59  Probe (Chrono Boost)  
  34  3:05  Probe  
  35  3:06  Probe  
  35  3:11  Gateway  
  36  3:16  Dark Shrine  
  36  3:17  Probe  
  37  3:23  Probe  
  38  3:28  Shield Battery  
  38  3:32  Shield Battery  
  39  3:35  Warp Prism (Chrono Boost)  
  40  3:44  Gateway  
  40  3:49  Probe x2  
  40  3:54  Stalker  
  44  4:01  Probe  
  45  4:07  Stalker  
  45  4:09  Pylon  
  46  4:15  Probe x2  
  42  4:27  Probe  
  42  4:28  Probe  
  42  4:29  Gateway  
  44  4:33  Dark Templar x2  
  48  4:39  Probe  
  48  4:40  Probe  
  48  4:44  Warp Prism (Chrono Boost)  
  46  4:52  Probe x2 (Chrono Boost)  
  50  4:57  Assimilator  
  48  5:02  Assimilator  
  48  5:04  Probe x2 (Chrono Boost)  
  49  5:09  Probe x2 (Chrono Boost)  
  53  5:25  Pylon  
  51  5:29  Stalker x2  
  51  5:33  Probe  
  51  5:34  Warp Prism (Chrono Boost)  
  54  5:44  Probe  
  54  5:50  Stalker  
  54  5:52  Blink (Chrono Boost), Stalker x2  
  54  5:53  Probe  
  61  6:03  Probe  
  62  6:04  Nexus  
  62  6:08  Pylon  
  62  6:16  Pylon  
  62  6:21  Probe x2, Robotics Bay  
  62  6:27  Observer (Chrono Boost)  
  62  6:29  Pylon  
  63  6:37  Forge  
  63  6:38  Dark Templar x2  
  63  6:39  Probe  
  68  6:43  Shield Battery  
  68  6:45  Probe  
  69  6:51  Probe  
  70  6:57  Probe  
  71  7:01  Pylon  
  71  7:05  Colossus (Chrono Boost)  
  69  7:10  Probe  
  69  7:11  Probe  
  69  7:15  Stalker x3  
  81  7:16  Probe  
  81  7:22  Probe  
  83  7:27  Probe  
  84  7:35  Probe  
  78  7:39  Probe  
  74  7:51  Colossus (Chrono Boost)  
  74  7:55  Zealot x3  
  74  7:56  Probe x2  
  74  7:57  Probe  
  89  8:04  Gateway  
  89  8:08  Probe x2  
  89  8:09  Probe  
  92  8:18  Zealot x3  
  94  8:21  Probe  

Tags
 
Add a new tag
Caveats
  • Supply blocks, unpowered buildings, or Contaminate may cause inaccurate times.
  • Supply counts are checked every 10 seconds.